 Dungeon Crawl Stone Soup version 0.20-a0-502-g555d78b (webtiles) character file.

8477 Kidiri the Thaumaturge (level 11, -1/60 HPs)
             Began as a Deep Elf Fire Elementalist on Jan 20, 2017.
             Was a Believer of Vehumet.
             Slain by an orc warrior
             ... wielding a +0 war axe
              (14 damage)
             ... on level 9 of the Dungeon.
             The game lasted 00:39:42 (12067 turns).

Kidiri the Thaumaturge (DEFE)                      Turns: 12067, Time: 00:39:43

Health: -1/60      AC: 13    Str:  7      XL:     11   Next: 10%
Magic:  4/28       EV: 15    Int: 23 (24) God:    Vehumet [**....]
Gold:   123        SH:  0    Dex: 14 (15) Spells: 1/33 levels left

rFire    + + +     SeeInvis .   D - +7 hand axe "Taropic" {freeze, rElec rF+ rN+}
rCold    . . .     Gourm    .   a - +0 robe
rNeg     + . .     Faith    .   (no shield)
rPois    .         Spirit   .   o - +1 helmet
rElec    +         Reflect  .   N - +2 cloak
rCorr    +         Harm     .   E - +1 pair of gloves
MR       +....     Clarity  +   I - +2 pair of boots
Stlth    ++........             f - amulet of regeneration
Regen    0.6/turn               y - ring "Ysunekle" {rF+ Str+2}
                                H - ring of resist corrosion

@: very slightly contaminated
A: blurry vision 1, clarity, deterioration 1, fire resistance 1, screaming 1, no
potion heal 1, subdued magic 1
a: Renounce Religion


You were on level 9 of the Dungeon.
You worshipped Vehumet.
Vehumet was pleased with you.
You were not hungry.

You visited 2 branches of the dungeon, and saw 11 of its levels.
You also visited: Sewer and Ossuary.

You collected 469 gold pieces.
You spent 346 gold pieces at shops.

Inventory:

Hand Weapons
 n - a +3 dagger of flaming
 D - the +7 hand axe "Taropic" (weapon) {freeze, rElec rF+ rN+}
   (You took it off a gnoll on level 5 of the Dungeon)

   It has been specially enchanted to freeze those struck by it, causing extra
   injury to most foes and up to half again as much damage against particularly
   susceptible opponents.
   It can also slow down cold-blooded creatures.
   It protects you from fire.
   It insulates you from electricity.
   It protects you from negative energy.
Armour
 a - a +0 robe (worn)
 o - a +1 helmet (worn)
 E - a +1 pair of gloves (worn)
 I - a +2 pair of boots (worn)
 N - a +2 cloak (worn)
Jewellery
 f - an amulet of regeneration (around neck)
 y - the ring "Ysunekle" (right hand) {rF+ Str+2}
   (You found it on level 8 of the Dungeon)

   [ring of protection from fire]

   It affects your strength (+2).
   It protects you from fire.
 H - a ring of resist corrosion (left hand)
Wands
 d - a wand of digging (8/24)
 k - a wand of paralysis (10/24)
 u - a wand of iceblast (3/15)
 J - a wand of confusion (33/48)
 M - a wand of confusion (31/48)
Scrolls
 e - 2 scrolls of magic mapping
 j - a scroll of recharging
 m - 5 scrolls of teleportation
 r - 2 scrolls of fog
 s - a scroll of remove curse
 v - 4 scrolls of fear
 x - a scroll of blinking
 G - a scroll of silence
 K - a scroll of immolation
Potions
 b - a potion of haste
 i - 2 potions of agility
 p - 5 potions of curing
 q - 4 potions of heal wounds
 t - 3 potions of might
 z - a potion of lignification
 C - a potion of brilliance
Books
 h - a book of Clouds

   Spells                             Type                      Level
   a - Poisonous Vapours              Poison/Air                   2
   b - Mephitic Cloud                 Conjuration/Poison/Air       3
   c - Conjure Flame                  Conjuration/Fire             3
   d - Freezing Cloud                 Conjuration/Ice/Air          6
   e - Ring of Flames                 Charms/Fire                  7
 w - a book of Air

   Spells                             Type                      Level
   a - Shock                          Conjuration/Air              1
   b - Swiftness                      Charms/Air                   2
   c - Repel Missiles                 Charms/Air                   2
   d - Static Discharge               Conjuration/Air              3
   e - Lightning Bolt                 Conjuration/Air              5
Comestibles
 c - 3 bread rations
 g - 5 meat rations
 A - 15 royal jellies


   Skills:
 + Level 3.9 Fighting
 + Level 4.8 Short Blades
 + Level 4.2 Armour
 + Level 6.0 Dodging
 - Level 2.4 Stealth
 * Level 11.5 Spellcasting
 + Level 6.1 Conjurations
 + Level 6.8 Fire Magic
 + Level 0.0 Ice Magic
 + Level 4.1 Air Magic
 + Level 4.6 Poison Magic
 + Level 5.3 Evocations


You had one spell level left.
You knew the following spells:

 Your Spells              Type           Power        Failure   Level  Hunger
a - Flame Tongue          Conj/Fire      ####.        1%          1    None
b - Throw Flame           Conj/Fire      ####..       1%          2    None
c - Conjure Flame         Conj/Fire      ####....     1%          3    None
d - Inner Flame           Hex/Fire       ###.....     3%          3    None
e - Sticky Flame          Conj/Fire      ####....     3%          4    None
f - Fireball              Conj/Fire      ####......   10%         5    ####...
g - Mephitic Cloud        Conj/Pois/Air  ####....     1%          3    None
h - Lightning Bolt        Conj/Air       ####......   14%         5    ####...
i - Freezing Cloud        Conj/Ice/Air   ###.......   99%         6    #####..


Dungeon Overview and Level Annotations

Branches:
Dungeon (10/15)            Temple (1/1) D:7
   Lair: D:8-11         Orc: D:9-12

Altars:
Ashenzari
Cheibriados
Dithmenos
Elyvilon
Fedhas
Gozag
Hepliaklqana
Kikubaaqudgha
Makhleb
Nemelex Xobeh
Okawaru
Qazlal
Ru
Sif Muna
Trog
Uskayaw
Vehumet
Xom
Yredelemnul
Zin
The Shining One

Shops:
D:9 [


Innate Abilities, Weirdness & Mutations

Scrolls take you a little longer to read.
You possess an exceptional clarity of mind.
Your body sometimes deteriorates upon taking damage.
Your flesh is heat resistant. (rF+)
You occasionally shout uncontrollably at your foes.
Potions are less effective at restoring your health.
Your spells are a little easier to cast, but a little less powerful.


Message History

Casting: Sticky Flame
Confirm with . or Enter, or press ? or * to list all spells.
Aiming: Sticky Flame
Press: ? - help, Shift-Dir - straight line, f/p - orc warrior
Aim: an orc warrior, wielding a war axe and wearing a chain mail (lightly wounded)
The sticky flame hits the orc warrior.
The orc warrior is moderately wounded.
The orc warrior is covered in liquid flames!
The orc warrior burns!
The orc warrior hits you with a war axe.
You hit the orc warrior. You freeze the orc warrior.
The orc warrior is severely wounded.
The orc warrior burns!
The orc warrior hits you with a war axe!!
* * * LOW HITPOINT WARNING * * *
You barely miss the orc warrior.
The orc warrior is almost dead.
The orc warrior burns!
The orc warrior hits you with a war axe!
You die...

############## # #............#
########### #
#.......[....######.........###
#............o@..##.........'.#
#.........)))###..#.........#..
#............# ##.'.........###
#............# ###.........# #
#............# #.........# #
########)##### #.........# #..#
#####...### #.## #######.####
#.# #..........#


You could see an orc warrior (burning).

Vanquished Creatures
  2 two-headed ogres
  A queen bee (D:9)
  Eustachio (D:5)
  Sigmund (D:2)
  6 yaks (D:9)
  A wraith (D:8)
  Menkaure (D:7)
  4 water moccasins
  An ice beast (D:5)
  3 orc warriors
  2 sky beasts
  A black bear (D:7)
  3 phantoms
  5 ogres
  2 centaurs
  3 big kobolds
  5 bullfrogs
  An elf skeleton (D:4)
  A water moccasin zombie (Ossuary)
  3 scorpions
  25 killer bees (D:9)
  4 howler monkeys
  2 bullfrog zombies
  2 crimson imps
  2 centaur zombies
  A quasit (D:7)
  3 hounds
  4 jellies
  8 orc priests
  4 orc wizards
  Crazy Yiuf (D:2)
  Jessica (D:2)
  2 bullfrog skeletons
  4 iguanas
  8 worker ants
  4 big kobold zombies (Ossuary)
  2 hound skeletons
  2 mummies (Ossuary)
  Robin (D:2)
  4 gnolls (D:5)
  2 worker ant zombies (D:9)
  7 adders
  A river rat (Sewer)
  A shadow imp (D:7)
  3 oozes
  An adder zombie (Ossuary)
  An adder skeleton (D:6)
  3 worms
  A dart slug (D:1)
  6 leopard geckos
  25 orcs
  9 bats
  6 giant cockroaches
  10 goblins
  7 hobgoblins
  26 jackals
  13 kobolds
  5 quokkas
  5 ball pythons
  3 frilled lizards
  A giant cockroach zombie (D:5)
  5 gnoll zombies (Ossuary)
  6 hobgoblin zombies (Ossuary)
  5 kobold zombies (Ossuary)
  5 orc skeletons (D:4)
  3 orc zombies (Ossuary)
  10 rats
301 creatures vanquished.

Notes
Turn   | Place    | Note
-------+----------+-------------------------------------------
     0 | D:1      | Kidiri the Deep Elf Fire Elementalist began the quest for the Orb.
     0 | D:1      | Reached XP level 1. HP: 10/10 MP: 6/6
   154 | D:1      | Reached XP level 2. HP: 15/15 MP: 5/8
   158 | D:1      | Learned a level 2 spell: Throw Flame
   685 | D:2      | Reached skill level 4 in Spellcasting
   808 | D:2      | Reached XP level 3. HP: 14/19 MP: 8/10
   813 | D:2      | Learned a level 3 spell: Conjure Flame
   817 | D:2      | Learned a level 3 spell: Inner Flame
  1077 | D:2      | Noticed Jessica
  1078 | D:2      | Noticed Robin
  1130 | D:2      | Killed Robin
  1147 | D:2      | Reached skill level 5 in Spellcasting
  1147 | D:2      | Reached XP level 4. HP: 21/24 MP: 0/13
  1250 | D:2      | Learned a level 4 spell: Sticky Flame
  1415 | D:2      | Found a runed door.
  1503 | D:2      | Noticed Sigmund
  1730 | D:2      | Noticed Crazy Yiuf
  1732 | D:2      | Killed Jessica
  1738 | D:2      | Killed Crazy Yiuf
  2036 | D:2      | Killed Sigmund
  2036 | D:2      | Reached skill level 6 in Spellcasting
  2036 | D:2      | Reached XP level 5. HP: 17/28 MP: 6/16
  2036 | D:2      | Reached XP level 6. HP: 19/32 MP: 6/17
  2043 | D:2      | Learned a level 5 spell: Fireball
  3176 | D:3      | Reached skill level 1 in Fighting
  3176 | D:3      | Reached skill level 7 in Spellcasting
  3486 | D:4      | Reached XP level 7. HP: 38/38 MP: 10/20
  3587 | D:4      | Reached skill level 1 in Short Blades
  3587 | D:4      | Reached skill level 1 in Evocations
  3852 | D:4      | Reached skill level 1 in Armour
  3860 | D:4      | Found a sand-covered staircase.
  3920 | Ossuary  | Entered an ossuary
  4444 | Ossuary  | Reached skill level 5 in Fire Magic
  4729 | D:4      | Reached skill level 8 in Spellcasting
  4735 | D:4      | Learned a level 3 spell: Mephitic Cloud
  5173 | D:5      | Entered Level 5 of the Dungeon
  5186 | D:5      | Reached XP level 8. HP: 44/44 MP: 7/22
  5367 | D:5      | Reached skill level 1 in Air Magic
  5439 | D:5      | Reached skill level 1 in Poison Magic
  5725 | D:5      | You fall through a shaft!
  5879 | D:5      | Noticed Eustachio
  5896 | D:5      | Killed Eustachio
  5896 | D:5      | Reached skill level 9 in Spellcasting
  6020 | D:5      | Got a shimmering hand axe {freeze}
  6021 | D:5      | Identified the +7 hand axe "Taropic" {freeze, rElec rF+ rN+} (You took it off a gnoll on level 5 of the Dungeon)
  6158 | D:5      | Reached XP level 9. HP: 48/49 MP: 24/24
  6181 | D:5      | Learned a level 5 spell: Lightning Bolt
  6312 | D:6      | Found a glowing drain.
  6318 | Sewer    | Entered a sewer
  6824 | Sewer    | Gained mutation: Your body sometimes deteriorates upon taking damage. [potion of mutation]
  6824 | Sewer    | Gained mutation: You expend magic power (3 MP) to strengthen your wands. [potion of mutation]
  6824 | Sewer    | Gained mutation: Scrolls take you a little longer to read. [potion of mutation]
  7239 | D:6      | Gained mutation: Potions are less effective at restoring your health. [potion of mutation]
  7239 | D:6      | Lost mutation: You expend magic power (3 MP) to strengthen your wands. [potion of mutation]
  7644 | D:7      | Noticed Menkaure
  7646 | D:7      | Killed Menkaure
  8215 | D:7      | Reached skill level 10 in Spellcasting
  8311 | D:7      | Found a staircase to the Ecumenical Temple.
  8320 | Temple   | Entered the Ecumenical Temple
  8442 | Temple   | Became a worshipper of Vehumet
  8733 | D:7      | Reached skill level 5 in Conjurations
  8738 | D:7      | Gained mutation: You possess an exceptional clarity of mind. [mutagenic meat]
  8739 | D:7      | Gained mutation: You occasionally shout uncontrollably at your foes. [mutagenic meat]
  8742 | D:7      | Gained mutation: Your flesh is heat resistant. (rF+) [mutagenic meat]
  8743 | D:7      | Gained mutation: Your spells are a little easier to cast, but a little less powerful. [mutagenic meat]
  8845 | D:8      | Reached skill level 5 in Dodging
  9268 | D:8      | Reached XP level 10. HP: 40/56 MP: 26/26
  9398 | D:8      | Reached * piety under Vehumet
  9398 | D:8      | Offered knowledge of Sting by Vehumet.
  9819 | D:8      | Got an ancient granite ring
  9820 | D:8      | Identified the ring "Ysunekle" {rF+ Str+2} (You found it on level 8 of the Dungeon)
 10189 | D:9      | Found an ancient bone altar of Kikubaaqudgha.
 10235 | D:9      | Noticed a two-headed ogre
 10247 | D:9      | Killed a two-headed ogre
 10635 | D:9      | Found Xesmill's Antique Armour Boutique.
 10643 | D:9      | Bought a pair of embroidered boots for 346 gold pieces
 10659 | D:9      | Found a white marble altar of Elyvilon.
 10752 | D:9      | Reached skill level 11 in Spellcasting
 11063 | D:9      | Offered knowledge of Searing Ray by Vehumet.
 11072 | D:9      | Reached ** piety under Vehumet
 11220 | D:9      | Reached skill level 5 in Evocations
 11250 | D:9      | Found a basalt altar of Yredelemnul.
 11307 | D:9      | Found a stormy altar of Qazlal.
 11754 | D:10     | Entered Level 10 of the Dungeon
 11760 | D:10     | Noticed a two-headed ogre
 11773 | D:10     | Killed a two-headed ogre
 11773 | D:10     | Reached XP level 11. HP: 25/60 MP: 17/28
 11794 | D:10     | Noticed a six-headed hydra
 12000 | D:8      | Learned a level 6 spell: Freezing Cloud
 12067 | D:9      | Slain by an orc warrior

Vault maps used:
D:1:      dpeg_arrival_chambers_temple_mockup, minmay_pentomino_u2
D:2:      uniq_robin, uniq_crazy_yiuf_cottage, uniq_sigmund, uniq_jessica
D:4:      nicolae_ossuary_entry_catacombs, minivault_26, minmay_misc_feat_roman
D:5:      first_bread, uniq_eustachio
D:6:      portal_sewer_entry_e
D:7:      uniq_menkaure
D:9:      kennysheep_ying_yang, nicolae_overflow_hidden_temple, serial_shops,
          shop, basic_altar
D:10:     wad_arrow_thing, erik_lair_dragon, orc_0_dummy
Temple:   compressed_dpeg_circular_temple
Sewer:    sewer_co_15_rooms
Ossuary:  ossuary_tomb_2

Skill      XL: |  1  2  3  4  5  6  7  8  9 10 |
---------------+-------------------------------+-----
Spellcasting   | 4 5 6 7 8 9 10 11 | 11.5
Conjurations   | 2 3 4 5 6 |  6.1
Fire Magic     | 4 5 6 |  6.8
Fighting       | 1 2 3 |  3.9
Short Blades   | 2 3 4 |  4.8
Dodging        | 3 4 5 6 |  6.0
Evocations     | 1 2 4 5 |  5.3
Armour         | 1 2 3 4 |  4.2
Air Magic      | 2 3 4 |  4.1
Poison Magic   | 2 3 4 |  4.6
Stealth        | |  2.4

Action                   |  1- 3 |  4- 6 |  7- 9 | 10-12 || total
-------------------------+-------+-------+-------+-------++-------
Melee: Unarmed           |     2 |       |       |       ||     2
       Long sword        |    27 |       |       |       ||    27
       Dagger            |     4 |    34 |   131 |       ||   169
       Hand axe          |       |       |   145 |    49 ||   194
 Cast: Flame Tongue      |    34 |    31 |   159 |    54 ||   278
       Throw Flame       |     1 |    14 |    24 |     8 ||    47
       Conjure Flame     |     2 |     3 |    10 |     9 ||    24
       Sticky Flame      |       |     4 |    33 |    24 ||    61
       Inner Flame       |       |     2 |     3 |     1 ||     6
       Fireball          |       |     1 |     4 |       ||     5
       Lightning Bolt    |       |       |       |    30 ||    30
       Mephitic Cloud    |       |       |       |     1 ||     1
Evoke: Wand              |       |       |     1 |     1 ||     2
  Use: Scroll            |     4 |     4 |    15 |     7 ||    30
       Potion            |       |     2 |     5 |     1 ||     8
 Stab: Sleeping          |     5 |     4 |     5 |       ||    14
       Paralysed         |       |       |     1 |     1 ||     2
       Distracted        |       |       |     1 |       ||     1
  Eat: Chunk             |       |     5 |    22 |     6 ||    33
       Bread ration      |       |     1 |     1 |       ||     2
       Fruit             |       |       |       |     5 ||     5
       Pizza             |       |       |       |     2 ||     2
       Beef jerky        |       |       |       |     1 ||     1
Armor: Robe              |    12 |    11 |    73 |    32 ||   128
Dodge: Dodged            |    38 |    27 |   250 |   104 ||   419
       Rpst.: Long sword |     8 |       |       |       ||     8
